 Dungeon Crawl Stone Soup version 0.25-b1-46-gb8a1ec05df (webtiles) character file.

Game seed: 4303988919882702814

462 nightchill the Chopper (level 6, 0/51 HPs)
             Began as a Demonspawn Fighter on June 11, 2020.
             Succumbed to a scorpion's poison
             ... on level 4 of the Dungeon.
             The game lasted 00:07:18 (4128 turns).

nightchill the Chopper (Demonspawn Fighter)         Turns: 4128, Time: 00:07:18

Health: 0/51       AC:  8    Str: 18    XL:     6   Next: 79%
Magic:  6/6        EV:  7    Int: 10    God:
Gold:   266        SH:  8    Dex: 12    Spells: 5/5 levels left

rFire    . . .     SeeInvis .   a - +1 war axe
rCold    . . .     Gourm    .   c - +0 kite shield
rNeg     . . .     Faith    .   b - +0 scale mail
rPois    .         Spirit   .   (no helmet)
rElec    .         Reflect  .   (no cloak)
rCorr    .         Harm     .   (no gloves)
MR       .....                  (no boots)
Stlth    ..........             (no amulet)
HPRegen  0.17/turn              (no ring)
MPRegen  0.10/turn              (no ring)

@: lethally poisoned (0 -> -9)
A: molten scales 1, foul stench 1, rot immunity
a: no special abilities


You were on level 4 of the Dungeon.
You were hungry.

You visited 1 branch of the dungeon, and saw 4 of its levels.

You collected 266 gold pieces.

Inventory:

Hand Weapons
 a - a +1 war axe (weapon)
Missiles
 i - 142 stones (quivered)
 k - 25 poisoned darts
Armour
 b - a +0 scale mail (worn)
 c - a +0 kite shield (worn)
Jewellery
 j - a +6 ring of dexterity
 n - an uncursed ring of protection from cold
Scrolls
 g - a scroll of enchant weapon
 h - a scroll of identify
 m - 2 scrolls of teleportation {unknown}
 o - a scroll of remove curse {unknown}
 p - a scroll of noise {unknown}
 q - a scroll of fog {unknown}
 r - a scroll of fear {unknown}
 s - a scroll of enchant armour {unknown}
Potions
 d - 2 potions of might
Comestibles
 f - 7 rations


   Skills:
 + Level 5.0 Fighting
 * Level 5.6 Axes
 - Level 2.6 Armour
 - Level 2.6 Shields


You had 5 spell levels left.
You didn't know any spells.
Your spell library was empty.

Dungeon Overview and Level Annotations

Branches:
Dungeon (4/15)
 Temple: D:4-7

Altars:
Gozag
Kikubaaqudgha


Innate Abilities, Weirdness & Mutations

You are partially covered in molten scales. (AC +2)
You may emit foul miasma when damaged in melee.
You are immune to rotting.


Message History

* * * LOW HITPOINT WARNING * * *
You feel sick.
* * * LOW HITPOINT WARNING * * *
You feel sick.
* * * LOW HITPOINT WARNING * * *
You feel sick.
Okay, then.
As you read the scroll labeled GEUDONI FEHOJ, it crumbles to dust.
It is a scroll of enchant weapon.
Your +0 war axe glows red for a moment.
* * * LOW HITPOINT WARNING * * *
You feel sick.
As you read the scroll labeled HEOFOS YKLOM, it crumbles to dust.
It is a scroll of identify.
n - an uncursed ring of protection from cold
* * * LOW HITPOINT WARNING * * *
You feel sick.
As you read the scroll of identify, it crumbles to dust.
j - a +6 ring of dexterity You die...

################.....#
#. #......#.....# #.
#.##.###.....# #.
#.##.#.......# ##
#.##.#.......#
#.##.#.....###
#.##.......# #### ####
#.####........#...
..... #@#
#........#.##
....^.#####.#
#........#.##
......).....#
#.....####.##
......)#†#### #######
#÷## .......#..# #.##
.....%.###.. #.##
....... #.# #.##
....... .# ###.##
....... ^ #...##


There were no monsters in sight!

Vanquished Creatures
  A phantom (D:4)
  A scorpion (D:4)
  An orc wizard (D:4)
  2 orc priests
  2 iguanas
  A worker ant (D:4)
  3 gnolls (D:4)
  A howler monkey skeleton (D:2)
  4 adders
  A worm (D:2)
  3 dart slugs (D:2)
  A leopard gecko (D:1)
  8 orcs
  15 bats
  5 giant cockroaches
  8 goblins
  6 hobgoblins
  2 jackals (D:4)
  5 kobolds
  A ball python (D:3)
  4 frilled lizards
  8 rats
83 creatures vanquished.

Notes
Turn   | Place    | Note
-------+----------+-------------------------------------------
     0 | D:1      | nightchill the Demonspawn Fighter began the quest for the
                  | Orb.
     0 | D:1      | Reached XP level 1. HP: 18/18 MP: 1/1
   331 | D:1      | Gained mutation: You are immune to rotting. [demonic
                  | ancestry]
   331 | D:1      | Reached XP level 2. HP: 24/24 MP: 2/2
  1261 | D:2      | Gained mutation: You are partially covered in molten
                  | scales. (AC +2) [demonic ancestry]
  1261 | D:2      | Reached XP level 3. HP: 27/29 MP: 3/3
  1398 | D:2      | Found an opulent altar of Gozag.
  2453 | D:3      | Reached XP level 4. HP: 32/37 MP: 4/4
  2992 | D:3      | Reached XP level 5. HP: 40/42 MP: 5/5
  3058 | D:3      | Found an ancient bone altar of Kikubaaqudgha.
  3204 | D:3      | Found a faded altar of an unknown god.
  3931 | D:4      | Noticed a phantom
  3971 | D:4      | Killed a phantom
  3971 | D:4      | Reached skill level 5 in Axes
  3971 | D:4      | Gained mutation: You may emit foul miasma when damaged in
                  | melee. [demonic ancestry]
  3971 | D:4      | Reached XP level 6. HP: 33/49 MP: 6/6
  4120 | D:4      | Reached skill level 5 in Fighting
  4125 | D:4      | HP: 2/51 [poisoned by a scorpion]
  4128 | D:4      | Succumbed to a scorpion's poison

Illustrated notes

Levels and vault maps discovered:
D:1:      minmay_arrival_solitary_statue, layout_basic, eino_curves_02,
          minmay_liquid_box
D:2:      layout_basic, nicolae_gozag_cash_rules_everything_around_me
D:3:      layout_rooms, old_standard_altar, chequers_ecumenical_altar_twisty,
          grunt_ministairs_15
D:4:      old_forge, layout_basic, nicolae_overflow_hidden_temple

Skill      XL: |  1  2  3  4  5  6 |
---------------+-------------------+-----
Axes           | 2 3 4 5 |  5.6
Fighting       | 4 5 |  5.0
Armour         | |  2.6
Shields        | |  2.6

Action                   |  1- 3 |  4- 6 || total
-------------------------+-------+-------++-------
Melee: War axe           |   165 |   151 ||   316
  Use: Potion            |       |     2 ||     2
       Scroll            |       |     3 ||     3
  Eat: Chunk             |     5 |     5 ||    10
Armor: Scale mail        |   101 |    68 ||   169
Dodge: Dodged            |    51 |    36 ||    87
Block: Kite shield       |    95 |    71 ||   166
